 Dungeon Crawl Stone Soup version 0.25-a0-528-g6b7c99946c (webtiles) character file.

Game seed: 15738623139425231060, levelgen mode: deterministic

816 Flugslaktarn the Chopper (level 7, -1/67 HPs)
             Began as a Deep Dwarf Fighter on Feb 19, 2020.
             Slain by an orc warrior
             ... wielding a +0 glaive
              (11 damage)
             ... on level 5 of the Dungeon.
             The game lasted 00:01:36 (2132 turns).

Flugslaktarn the Chopper (Deep Dwarf Fighter)       Turns: 2132, Time: 00:01:37

Health: -1/67      AC:  8    Str: 22    XL:     7   Next: 62%
Magic:  5/5        EV:  7    Int:  8    God:
Gold:   118        SH:  9    Dex:  8    Spells: 6/6 levels left

rFire    . . .     SeeInvis .   a - +0 war axe
rCold    . . .     Gourm    .   c - +0 kite shield
rNeg     . . .     Faith    .   b - +0 scale mail
rPois    .         Spirit   .   n - +0 helmet
rElec    .         Reflect  .   (no cloak)
rCorr    .         Harm     .   (no gloves)
MR       +....                  (no boots)
Stlth    ..........             (no amulet)
HPRegen  0.00/turn              l - -4 ring of dexterity (curse)
MPRegen  0.09/turn              (no ring)

@: non-regenerating
A: damage resistance, heal wounds, sense surroundings 1, no regeneration
a: Heal Wounds


You were on level 5 of the Dungeon.
You were not hungry.

You visited 2 branches of the dungeon, and saw 6 of its levels.

You collected 118 gold pieces.

Inventory:

Hand Weapons
 a - a +0 war axe (weapon)
 o - the +2 Maxwell's thermic engine {flame, freeze}
   (You found it on level 5 of the Dungeon)

   It has been specially enchanted to burn those struck by it, causing extra
   injury to most foes and up to half again as much damage against particularly
   susceptible opponents.
   Big, fiery blades are also staple armaments of hydra-hunters.
   It has been specially enchanted to freeze those struck by it, causing extra
   injury to most foes and up to half again as much damage against particularly
   susceptible opponents.
Armour
 b - a +0 scale mail (worn)
 c - a +0 kite shield (worn)
 n - a +0 helmet (worn)
   (You found it on level 4 of the Dungeon)
Jewellery
 l - a cursed -4 ring of dexterity (left hand)
   (You found it on level 3 of the Dungeon)
Scrolls
 f - a scroll of fear {unknown}
 g - a scroll of immolation {unknown}
 h - 3 scrolls of teleportation {unknown}
 i - 2 scrolls of random uselessness {unknown}
 j - a scroll of fog {unknown}
 m - 2 scrolls of remove curse {unknown}
 r - a scroll of blinking {unknown}
Potions
 d - a potion of might
 k - a potion of heal wounds {unknown}
 p - a potion of stabbing {unknown}
 q - a potion of degeneration {unknown}
 s - 2 potions of curing {unknown}
Comestibles
 e - 5 rations
 t - 6 chunks of flesh


   Skills:
 * Level 5.2 Fighting
 * Level 5.8 Axes
 + Level 5.0 Armour
 + Level 5.0 Shields


You had 6 spell levels left.
You didn't know any spells.
Your spell library was empty.

Dungeon Overview and Level Annotations

Branches:
Dungeon (5/15)             Temple (1/1) D:4

Altars:
Ashenzari
Cheibriados
Dithmenos
Elyvilon
Fedhas
Hepliaklqana
Kikubaaqudgha
Nemelex Xobeh
Okawaru
Qazlal
Uskayaw
Vehumet
Xom
Yredelemnul
Zin
The Shining One

Annotations:
D:5 Prince Ribbit


Innate Abilities, Weirdness & Mutations

You are resistant to damage.
You can heal yourself by infusing magical energy.
You passively map a small area around you.
You do not regenerate.


Message History

You hit the orc wizard but do no damage.
The orc wizard is lightly wounded.
Your shield and scale mail prevent you from hitting something.
You slash the orc!
You kill the orc!
You closely miss the orc. Something hits you but does no damage.
The orc wizard hits you but does no damage.
The orc warrior hits you from afar with a +0 glaive!
You block the orc's attack. Something hits you but does no damage.
The orc hits you with a +0 club.
The orc priest mumbles some strange prayers to Beogh against you.
Beogh smites you!
* * * LOW HITPOINT WARNING * * *
You are too injured to fight recklessly!
You barely miss something. You closely miss the orc.
You closely miss something. You hit the orc wizard.
Something hits you but does no damage. You block the orc wizard's attack.
The orc hits you but does no damage.
The orc warrior hits you from afar with a +0 glaive!
You die...

....# #..# #.###
####..##. ....#
################ ##....
##### ............###
#.... 8....8..8..8..8##
#.... ...............###
#.... *
.....oo........).###....
*
....ooooo†.....#).......
*
....8o.8o.8..8##########
....ooo@.o..###
#############


You could see an orc warrior, an orc priest, an orc wizard and 10 orcs.

Vanquished Creatures
  An ice beast (D:5)
  A black bear (D:5)
  2 scorpions (D:4)
  A centaur zombie (D:5)
  2 crimson imps (D:5)
  2 bullfrog skeletons (D:5)
  A hound (D:5)
  A jelly (D:5)
  3 orc wizards (D:4)
  An iguana (D:5)
  2 worker ants (D:5)
  A killer bee zombie (D:5)
  A hound zombie (D:5)
  An adder (D:3)
  A shadow imp (D:5)
  4 oozes
  An adder skeleton (D:5)
  2 worms (D:2)
  A dart slug (D:5)
  2 leopard geckos (D:4)
  17 orcs
  4 bats
  A giant cockroach (D:1)
  2 goblins (D:1)
  5 hobgoblins
  5 jackals
  A quokka (D:4)
  4 frilled lizards
  5 kobolds
  2 rats (D:1)
77 creatures vanquished.

Notes
Turn   | Place    | Note
-------+----------+-------------------------------------------
     0 | D:1      | Flugslaktarn the Deep Dwarf Fighter began the quest for the
                  | Orb.
     0 | D:1      | Reached XP level 1. HP: 20/20 MP: 1/1
   167 | D:1      | Reached XP level 2. HP: 13/27 MP: 2/2
   349 | D:2      | Reached XP level 3. HP: 27/34 MP: 3/3
   481 | D:2      | Found a basalt altar of Yredelemnul.
   669 | D:4      | Found a stormy altar of Qazlal.
   697 | D:4      | Noticed a scorpion
   710 | D:4      | Killed a scorpion
   710 | D:4      | Reached XP level 4. HP: 18/42 MP: 4/4
   821 | D:4      | Found a staircase to the Ecumenical Temple.
   863 | Temple   | Entered the Ecumenical Temple
   998 | D:4      | Reached XP level 5. HP: 23/50 MP: 5/5
  1555 | D:5      | Entered Level 5 of the Dungeon
  1555 | D:5      | Found the +2 Maxwell's thermic engine {flame, freeze}
  1574 | D:5      | Reached XP level 6. HP: 17/57 MP: 5/5
  1659 | D:5      | Found an iron altar of Okawaru.
  1682 | D:5      | Reached skill level 5 in Axes
  1775 | D:5      | Reached XP level 7. HP: 55/66 MP: 5/5
  1782 | D:5      | Noticed Prince Ribbit
  1795 | D:5      | Found a shimmering altar of Xom.
  1797 | D:5      | Found a shimmering altar of Xom.
  1797 | D:5      | Found a shimmering altar of Xom.
  1800 | D:5      | Found a shimmering altar of Xom.
  1801 | D:5      | Found a shimmering altar of Xom.
  1801 | D:5      | Found a shimmering altar of Xom.
  1801 | D:5      | Found a shimmering altar of Xom.
  1802 | D:5      | Reached skill level 5 in Fighting
  1852 | D:5      | Reached skill level 5 in Armour
  1852 | D:5      | Reached skill level 5 in Shields
  2091 | D:5      | Found a runed translucent door.
  2132 | D:5      | Slain by an orc warrior

Levels and vault maps discovered:
D:1:      elethiomel_arrival_fortress_basement, layout_basic
D:2:      layout_basic, yredelemnul_altar_generic
D:3:      layout_loops_corners, old_standard_altar,
          gammafunk_temple_overflow_pools, uniq_grinder
D:4:      layout_cave_pods, marbit_many_paths, minmay_temple_entry_wispy,
          first_ration
D:5:      black_bear_nest_1, layout_rooms, xom_redecorated, basic_altar,
          st_stairs_10, lightli_church_of_beogh, uniq_prince_ribbit1
Temple:   nicolae_temple_god_jail

Skill      XL: |  1  2  3  4  5  6  7 |
---------------+----------------------+-----
Fighting       | 3 4 5 |  5.2
Axes           | 3 4 5 |  5.8
Armour         | 4 5 |  5.0
Shields        | 4 5 |  5.0

Action                   |  1- 3 |  4- 6 |  7- 9 || total
-------------------------+-------+-------+-------++-------
Melee: War axe           |   122 |    62 |    16 ||   200
       Double sword      |       |    30 |    31 ||    61
 Abil: Heal Wounds       |     1 |     7 |     4 ||    12
  Eat: Chunk             |       |     3 |     2 ||     5
Armor: Scale mail        |    58 |    58 |    29 ||   145
Dodge: Dodged            |    32 |    36 |    19 ||    87
Block: Kite shield       |    64 |    58 |    36 ||   158
       Rpst.: Double sword |       |     4 |     2 ||     6

Table legend:
 A = Non-vault XP
 B = Vault XP
 C = Vault XP percentage of total XP
 D = Non-vault monster count
 E = Vault monster count
 F = Vault count percentage of total count
                 A         B        C        D         E       F
            +---------+---------+-------+---------+---------+-------
      Total |     972 |     195 |  16.7 |      64 |      13 |  16.9
            +---------+---------+-------+---------+---------+-------
        D:1 |      28 |       2 |   6.7 |      15 |       1 |   6.2
        D:2 |      33 |       0 |   0.0 |      15 |       0 |   0.0
        D:3 |      14 |       0 |   0.0 |       1 |       0 |   0.0
        D:4 |     282 |       0 |   0.0 |      15 |       0 |   0.0
        D:5 |     615 |     193 |  23.9 |      18 |      12 |  40.0
            +---------+---------+-------+---------+---------+-------
